 Dungeon Crawl Stone Soup version 0.16-a0-3939-g9a3e665 (webtiles) character file.

211 BluebellGnoll the Skirmisher (level 5, -3/48 HPs)
             Began as a Minotaur Gladiator on Feb 6, 2015.
             Killed by nerve-wracking pain
             ... invoked by an orc priest
              (14 damage)
             ... on level 3 of the Dungeon.
             The game lasted 00:06:39 (2360 turns).

BluebellGnoll the Skirmisher (Minotaur Gladiator)   Turns: 2360, Time: 00:06:39

Health: -3/48      AC:  8    Str: 21    XL:     5   Next: 57%
Magic:  2/2        EV:  3    Int:  5    God:
Gold:   110        SH: 11    Dex: 10    Spells: 0 memorised, 4 levels left

rFire  + . .     SeeInvis .     a - +0 war axe
rCold  . . .     Clarity  .     v - +0 chain mail
rNeg   . . .     SustAb   +     n - +0 large shield
rPois  .         Gourm    .     c - +0 hat
rElec  .         Spirit   .     (no cloak)
rCorr  .         Warding  .     (no gloves)
rMut   .         Stasis   .     (no boots)
MR     .....                    (no amulet)
Stlth  ..........               t - ring of sustain abilities
                                e - ring of protection from fire

@: not resistant to hostile enchantments, extremely unstealthy
A: retaliatory headbutt, horns 2
a: no special abilities


You were on level 3 of the Dungeon.
You were not hungry.

You visited 1 branch of the dungeon, and saw 3 of its levels.

You collected 110 gold pieces.

Inventory:

Hand weapons
 a - a +0 war axe (weapon)
Missiles
 d - 3 throwing nets (quivered)
 m - 7 tomahawks
Armour
 c - a +0 hat (worn)
 n - a +0 large shield (worn)
 q - a +0 plate armour
 v - a +0 chain mail (worn)
Jewellery
 e - a ring of protection from fire (left hand)
 t - a ring of sustain abilities (right hand)
Scrolls
 b - a scroll of magic mapping {unknown}
 g - a scroll of enchant armour {unknown}
 h - a scroll of teleportation
 i - a scroll of blinking {unknown}
 j - a scroll of random uselessness {unknown}
 o - 2 scrolls of amnesia {unknown}
Potions
 k - a potion of curing {unknown}
 p - a potion of might {unknown}
 s - a potion of berserk rage
 w - 2 potions of haste
Books
 l - a book of Control

   Spells                             Type                      Level
   a - Control Teleport               Charms/Translocation         4
   b - Control Undead                 Necromancy                   4
   c - Enslavement                    Hexes                        4
   d - Metabolic Englaciation         Hexes/Ice                    5
   e - Mass Confusion                 Hexes                        6
Comestibles
 f - a bread ration
 r - a meat ration
 u - 5 chunks of flesh


   Skills:
 - Level 5.5 Fighting
 - Level 5.1 Axes
 - Level 2.0 Throwing
 + Level 2.2 Armour
 - Level 3.2 Dodging


You had 4 spell levels left.
You didn't know any spells.

Dungeon Overview and Level Annotations

Branches:
Dungeon (3/15)

Altars:
Yredelemnul

Annotations:
D:3 Skiberibeda's ghost, weakling DsCK; Terence


Innate Abilities, Weirdness & Mutations

You reflexively headbutt those who attack you in melee.
You have a pair of horns on your head.


Message History

You hit the orc.
The orc is almost dead.
You hit the orc priest.
The orc priest is lightly wounded.
You hit the kobold.
You kill the kobold!
You slash the orc wizard!
The orc wizard is almost dead.
Terence hits you from afar with a trident of flaming.
* * * LOW HITPOINT WARNING * * *
The orc priest barely misses you.
You are too injured to fight recklessly!
Unknown command.
You are too injured to fight recklessly!
Unknown command.
You are too injured to fight recklessly!
Unknown command.
The orc priest calls down the wrath of Beogh upon you.
Pain shoots through your body!
You die...

#......># ##....#.#
#.[..# # ≈ # #.####
...#. #.# #..#. #.#
##..l# ####### #.#
##...ol##.....######
#.#
.#.8..o8o#..##......#
#.#
......@oo@..#######.#
#.# ....(⌠.)o....#
#.# ##.#
.....$...###.# #.#
...# #.8...8.## #.#
#.# #### ##.....## .#
#.# ##...# # #.# ....
#.# .#. #.######
#.......


You could see Terence, an orc priest, an orc wizard, 4 orcs and 2 giant geckos.

Vanquished Creatures
  Sigmund (D:2)
  Jessica (D:2)
  A hound skeleton (D:3)
  An adder (D:2)
  A giant mite (D:3)
  2 worms
  A giant gecko (D:2)
  5 oozes (D:1)
  An orc (D:3)
  5 giant cockroaches
  8 goblins
  2 hobgoblins
  14 jackals
  4 quokkas
  2 ball pythons
  5 bats
  3 giant newts
  6 kobolds
  10 rats
  A spectral orc (D:2)
74 creatures vanquished.

Notes
Turn   | Place    | Note
--------------------------------------------------------------
     0 | D:1      | BluebellGnoll, the Minotaur Gladiator, began the quest for the Orb.
     0 | D:1      | Reached XP level 1. HP: 18/18 MP: 1/1
     3 | D:1      | Found a runed door.
    15 | D:1      | Reached skill level 4 in Axes
    20 | D:1      | Reached XP level 2. HP: 12/25 MP: 1/1
   271 | D:1      | Reached skill level 5 in Axes
   275 | D:1      | Reached XP level 3. HP: 15/30 MP: 2/2
  1124 | D:2      | Noticed Jessica
  1129 | D:2      | Killed Jessica
  1220 | D:2      | Reached XP level 4. HP: 35/40 MP: 2/2
  1460 | D:2      | Noticed Sigmund
  1475 | D:2      | Killed Sigmund
  1475 | D:2      | Reached skill level 5 in Fighting
  1475 | D:2      | Reached XP level 5. HP: 13/48 MP: 2/2
  1986 | D:2      | Found a basalt altar of Yredelemnul.
  2096 | D:3      | Noticed Skiberibeda's ghost (weakling DsCK)
  2219 | D:3      | Reached skill level 1 in Armour
  2356 | D:3      | Noticed Terence
  2360 | D:3      | Killed from afar by an orc priest

Action                   |  1- 3 |  4- 6 || total
-------------------------+-------+-------++-------
Melee: War axe           |    75 |    94 ||   169
  Use: Potion            |       |     1 ||     1
       Scroll            |       |     5 ||     5
  Eat: Chunk             |     1 |     4 ||     5
